 Dungeon Crawl Stone Soup version 0.31-a0-595-g4209ae197b (webtiles) character file.

Game seed: 17700877532637675060

176 AdnanSaban the Trooper (level 5, -1/34 HPs)
             Began as a Gargoyle Fighter on Aug 20, 2023.
             Slain by Natasha (5 damage)
             ... on level 4 of the Dungeon.
             The game lasted 00:02:14 (1971 turns).

AdnanSaban the Trooper (Gargoyle Fighter)           Turns: 1971, Time: 00:02:15

Health: -1/34      AC: 16    Str: 21    XL:     5   Next: 56%
Magic:  5/5        EV:  6    Int:  9    God:
Gold:   177        SH:  4    Dex:  9    Spells: 4/4 levels left

rFire   . . .        m - +2 flail (pain)
rCold   . . .        c - +0 buckler
rNeg    + . .        t - +0 plate armour
rPois   ∞            (no helmet)
rElec   +            (no cloak)
rCorr   .            e - +0 pair of gloves
SInv    .            (no boots)
Will    .....        q - amulet of the acrobat Stlth
                     (no ring)
HPRegen 0.25/turn    (no ring)
MPRegen 0.09/turn

%: acrobat
@: no status effects
A: sickness immunity, AC +4, negative energy resistance 1, electricity
resistance, torment resistance 1, petrification resistance
a: no special abilities


You were on level 4 of the Dungeon.
You visited 1 branch of the dungeon, and saw 4 of its levels.

You collected 177 gold pieces.

Inventory:

Hand Weapons
 a - a +0 flail
 m - a +2 flail of pain (weapon)
Missiles
 p - 5 poisoned darts
Armour
 c - a +0 buckler (worn)
 e - a +0 pair of gloves (worn)
 t - a +0 plate armour (worn)
Jewellery
 q - an amulet of the acrobat (around neck)
Scrolls
 h - 2 scrolls of teleportation {unknown}
 j - a scroll of identify {unknown}
 k - 2 scrolls of fear {unknown}
 l - a scroll of revelation {unknown}
 o - a scroll of poison {unknown}
 r - a scroll of fog {unknown}
Potions
 b - a potion of ambrosia {unknown}
 d - 3 potions of might
 f - a potion of brilliance {unknown}
 g - a potion of berserk rage {unknown}
 i - a potion of curing {unknown}
 n - 2 potions of degeneration {unknown}
 s - a potion of enlightenment {unknown}


   Skills:
 + Level 4.3 Fighting
 + Level 3.7 Maces & Flails
 + Level 4.0 Armour
 + Level 0.7 Dodging
 + Level 4.0 Shields


You had 4 spell levels left.
You didn't know any spells.
Your spell library was empty.

Dungeon Overview and Level Annotations

Branches:
Dungeon (4/15)
 Temple: D:4-7

Altars:

Annotations:
D:3 Sigmund
D:4 Natasha


Innate Abilities, Weirdness & Mutations

You are immune to sickness and miasma.
Your stone body is resilient. (AC +4)
You are immune to poison.
You resist negative energy. (rN+)
You are resistant to electric shocks. (rElec)
You are resistant to unholy torment.
You are immune to petrification.


Message History

The gnoll attacks as it pursues you! The gnoll barely misses you.
The gnoll attacks as it pursues you! The gnoll misses you.
The gnoll attacks as it pursues you! The gnoll completely misses you.
The gnoll attacks as it pursues you! The gnoll misses you.
The gnoll attacks as it pursues you! You block the gnoll's attack.
The gnoll attacks as it pursues you! The gnoll barely misses you.
The gnoll attacks as it pursues you! The gnoll misses you.
There is a stone staircase leading down here.
The gnoll hits you but does no damage.
You climb downwards.
Reactivating autopickup.
Found a scroll labelled GOSU HOBRU.
There is a stone staircase leading up here.
You hit the gnoll.
The gnoll is moderately wounded.
The gnoll completely misses you.
You thump the gnoll!
The gnoll is almost dead.
The gnoll hits you with a +2 flail of pain.
* * * LOW HITPOINT WARNING * * *
The gnoll completely misses you.
You thump the gnoll!
You kill the gnoll!
Natasha, Servant of Life and Death comes into view.
She is carrying a wand of flame.
Found a leather armour.
Natasha hisses angrily.
You see here a +2 flail of pain.
You have a feeling of ineptitude.
m - a +2 flail of pain (weapon)
Natasha casts a spell at you. The magic dart hits you.
* * * LOW HITPOINT WARNING * * *
You block Natasha's attack.
You miss Natasha. Natasha claws you but does no damage.
You closely miss Natasha.
Natasha casts a spell.
You block Natasha's attack.
You barely miss Natasha. Natasha claws you.
You die...
Natasha begins licking her fur clean.

#......
.....
.....
..[ 5..
#.# #h#
#@#
#.##
#.#<#
#.###.#
..# #..
..# ###
#.# #.
#


You could see Natasha and a cerulean imp (summoned).

Vanquished Creatures
  5 adders (D:2)
  6 gnolls
  6 worms
  2 dart slugs
  3 ball pythons
  2 endoplasms
  A giant cockroach (D:2)
  4 goblins
  3 hobgoblins (D:1)
  A quokka (D:2)
  5 bats
  7 frilled lizards
  8 kobolds
  8 rats
61 creatures vanquished.

Notes
Turn   | Place    | Note
-------+----------+-------------------------------------------
     0 | D:1      | AdnanSaban the Gargoyle Fighter began the quest for the
                  | Orb.
     0 | D:1      | Reached XP level 1. HP: 14/14 MP: 1/1
   132 | D:1      | Reached XP level 2. HP: 19/19 MP: 2/2
   536 | D:1      | Reached XP level 3. HP: 23/23 MP: 3/3
   681 | D:2      | You fall into a shaft and drop 1 floor!
   845 | D:2      | Reached XP level 4. HP: 28/29 MP: 4/4
  1172 | D:2      | Found a faded altar of an unknown god.
  1558 | D:2      | Reached XP level 5. HP: 18/33 MP: 5/5
  1947 | D:3      | Noticed Sigmund
  1965 | D:4      | Noticed Natasha
  1971 | D:4      | Slain by Natasha

Illustrated notes

Levels and vault maps discovered:
D:1:      psy_arrival_statuary, layout_basic, minmay_misc_feat_hallway
D:2:      layout_loops_corners, hellmonk_ecumenical_altar_lost_god
D:3:      layout_basic, serial_glass, glass_columns_c, glass_columns_b,
          glass_columns_a, glass_columns_c, glass_columns_a, glass_columns_c,
          hangedman_decor_opposing, kennysheep_generic_room_10, uniq_sigmund
D:4:      layout_loops_ring, mainiacjoe_overflow_tiny_flanked,
          minmay_misc_feat_tiny, uniq_natasha

Skill      XL: |  1  2  3  4  5 |
---------------+----------------+-----
Fighting       | 4 |  4.3
Maces & Flails | 3 |  3.7
Shields        | 4 |  4.0
Armour         | 4 |  4.0
Dodging        | |  0.7

Action                     |  1- 3 |  4- 6 || total
---------------------------+-------+-------++-------
  Melee: Flail             |   128 |   102 ||   230
 Armour: Scale mail        |    70 |       ||    70
         Chain mail        |    13 |    65 ||    78
         Plate armour      |       |    12 ||    12
  Dodge: Dodged            |    63 |    66 ||   129
  Block: Buckler           |    30 |    27 ||    57

Table legend: (Time is in decaauts)
 A = Elapsed time spent in this place.
 B = Non-inter-level travel time spent in this place.
 C = Inter-level travel time spent in this place.
 D = Time resting spent in this place.
 E = Time spent auto-exploring this place.
 F = Levels seen in this place.
 G = Mean time per level.
                   A        B        C        D        E       F      G
               +--------+--------+--------+--------+--------+-----+--------+
         Total |   2038 |   2021 |     17 |     57 |   1404 |   4 |  509.5 |
       Dungeon |   2038 |   2021 |     17 |     57 |   1404 |   4 |  509.5 |
               +--------+--------+--------+--------+--------+-----+--------+

Top non-repeatable levels by time:
     D:2: 1062 daAuts
     D:1: 605 daAuts
     D:3: 360 daAuts
     D:4: 10 daAuts
